 Dungeon Crawl Stone Soup version 0.19-a0-231-gae044c8 (webtiles) character file.

24 GlassEater the Grasshopper (level 2, -3/13 HPs)
             Began as a Felid Warper on May 25, 2016.
             Slain by Sigmund
             ... wielding a +0 scythe
              (12 damage)
             ... on level 2 of the Dungeon.
             The game lasted 00:03:41 (899 turns).

GlassEater the Grasshopper (Felid Warper)            Turns: 899, Time: 00:03:42

Health: -3/13      AC:  1    Str:  7    XL:     2   Next: 79%
Magic:  6/6        EV: 18    Int: 14    God:
Gold:   69         SH:  0    Dex: 15    Spells: 1 memorised, 4 levels left
                                        Lives:  0   Deaths: 0

rFire  . . .     SeeInvis +       - Unarmed
rCold  . . .     Gourm    .     (armour unavailable)
rNeg   . . .     Faith    .     (shield unavailable)
rPois  .         Spirit   .     (helmet unavailable)
rElec  .         Dismiss  .     (cloak unavailable)
rCorr  .         Reflect  .     (gloves unavailable)
SustAt .         Harm     .     (boots unavailable)
MR     .....                    (no amulet)
Stlth  ++........               (no ring)
                                e - ring of wizardry

@: quick, not resistant to hostile enchantments, unstealthy
A: no armour, no weapons or thrown items, claws 1, fangs 3, see invisible,
carnivore 3, speed 1, shaggy fur 1, slow metabolism 1, sharp paws
a: no special abilities


You were on level 2 of the Dungeon.
You were completely stuffed.

You visited 1 branch of the dungeon, and saw 2 of its levels.

You collected 69 gold pieces.

Inventory:

Jewellery
 e - a ring of wizardry (left paw)
 i - a +4 ring of intelligence {unknown}
Scrolls
 b - a scroll of blinking
 f - a scroll of immolation {unknown}
 g - a scroll of identify {unknown}
Potions
 d - a potion of cure mutation {unknown}
 h - a potion of might {unknown}
Books
 a - a book of Spatial Translocations

   Spells                             Type                      Level
   a - Apportation                    Translocation                1
   b - Blink                          Translocation                2
   c - Shroud of Golubria             Charms/Translocation         2
   d - Portal Projectile              Translocation                3
   e - Teleport Other                 Translocation                3
   f - Passage of Golubria            Translocation                4
Comestibles
 c - a meat ration


   Skills:
 + Level 2.0 Fighting
 + Level 3.7 Dodging
 + Level 1.1 Stealth
 + Level 2.1 Unarmed Combat
 + Level 2.0 Spellcasting
 + Level 5.1 Translocations


You had 4 spell levels left.
You knew the following spells:

 Your Spells              Type           Power        Failure   Level  Hunger
a - Apportation           Tloc           ###.......   1%          1    ##.....


Dungeon Overview and Level Annotations

Branches:
Dungeon (2/15)

Altars:

Annotations:
D:2 Sigmund


Innate Abilities, Weirdness & Mutations

You cannot wear armour.
You are incapable of wielding weapons or throwing items.
You have sharp claws.
You have razor-sharp teeth.
You have supernaturally acute eyesight. (SInv)
You are carnivorous and can eat meat at any time.
You cover ground quickly.
You are covered in fur. (AC +1)
You have a slow metabolism.
Your sharp claws are effective at attacking unaware monsters.


Message History

Sigmund completely misses you.
You scratch Sigmund.
Sigmund is moderately wounded.
You scratch Sigmund but do no damage.
Sigmund is moderately wounded.
Sigmund barely misses you.
You scratch Sigmund but do no damage.
Sigmund is moderately wounded.
Sigmund closely misses you.
You scratch Sigmund.
Sigmund is heavily wounded.
You scratch Sigmund but do no damage. Your bite misses Sigmund.
Sigmund is heavily wounded.
Sigmund mumbles some strange words.
Sigmund flickers and vanishes for a moment.
You scratch Sigmund. Your bite misses Sigmund.
Sigmund is heavily wounded.
Sigmund hits you with a scythe!
Ouch! That really hurt!
You die...

...#.............#
####.............#
.........#....##
..............#
.###.....#....##
#...........#
.......#.#
...#.###.#
...#....@# ..
#.###.@......
.........
..>.......
...........
..........#+
####.........
..........


You could see Sigmund (invisible).

Vanquished Creatures
  2 dart slugs (D:1)
  3 bats (D:1)
  2 giant cockroaches (D:1)
  4 goblins (D:1)
  A hobgoblin (D:1)
  3 kobolds (D:1)
  A giant newt (D:1)
  3 rats (D:1)
19 creatures vanquished.

Notes
Turn   | Place    | Note
--------------------------------------------------------------
     0 | D:1      | GlassEater the Felid Warper began the quest for the Orb.
     0 | D:1      | Reached XP level 1. HP: 9/9 MP: 4/4
   135 | D:1      | Reached XP level 2. HP: 13/13 MP: 4/6
   287 | D:1      | Reached skill level 5 in Translocations
   755 | D:1      | Reached skill level 1 in Stealth
   871 | D:2      | Noticed Sigmund
   899 | D:2      | Slain by Sigmund

Vault maps used:
D:1:      minmay_arrival_solitary_statue
D:2:      ecumenical_altar_1, uniq_sigmund, uniq_terence

Skill      XL: |  1  2 |
---------------+-------+-----
Translocations | 5 |  5.1
Stealth        | 1 |  1.1
Fighting       | |  2.0
Dodging        | |  3.7
Unarmed Combat | |  2.1
Spellcasting   | |  2.0

Action                   || total
-------------------------++-------
Melee: Unarmed           ||    66
       Bite              ||     2
       Punch             ||     1
 Cast: Apportation       ||     4
 Stab: Sleeping          ||     3
  Eat: Chunk             ||     7
Armor: Skin              ||     4
Dodge: Dodged            ||    42
